 Dungeon Crawl Stone Soup version 0.26.0-10-g1f06aea511 (webtiles) character file.

Game seed: 16500204738887492304

29344 Arthanis the Warrior (level 13, -6/92 HPs)
             Began as a Gargoyle Berserker on Jan 18, 2021.
             Was a High Priest of Trog.
             Mangled by a red ugly thing (10 damage)
             ... on level 14 of the Dungeon.
             The game lasted 00:18:03 (14442 turns).

Arthanis the Warrior (Gargoyle Berserker)          Turns: 14442, Time: 00:18:05

Health: -6/92      AC: 27    Str: 22    XL:     13   Next: 44%
Magic:  13/13      EV: 14    Int: 12    God:    Trog [*****.]
Gold:   425        SH:  6    Dex:  9    Spells: 12/12 levels left

rFire    + . .     SeeInvis .   a - +4 broad axe
rCold    . . .     Faith    +   m - +2 buckler {AC+3}
rNeg     + . .     Spirit   .   s - +2 scale mail {rF+}
rPois    ∞         Reflect  .   z - +0 helmet
rElec    +         Harm     .   (no cloak)
rCorr    .         Rampage  .   t - +0 pair of gloves
Will     ++...                  F - +1 pair of boots
Stlth    ..........             p - amulet of faith
HPRegen  1.25/turn              r - +4 ring of evasion
MPRegen  0.13/turn              (no ring)

@: berserk cooldown, regenerating, slowed, studying Fighting, very slow
A: negative energy resistance 1, electricity resistance, unbreathing,
petrification resistance, miasma immunity, AC +9
a: Renounce Religion, Berserk, Trog's Hand, Brothers in Arms


You were on level 14 of the Dungeon.
You worshipped Trog.
Trog was extremely pleased with you.
You visited 1 branch of the dungeon, and saw 14 of its levels.
You also visited: Ossuary.

You collected 1223 gold pieces.
You spent 798 gold pieces at shops.

Inventory:

Hand Weapons
 a - a +4 broad axe (weapon)
 b - a +2 trident of venom
 y - a +2 whip of flaming
 Z - a +2 antimagic battleaxe
Missiles
 B - 3 throwing nets
Armour
 m - a +2 buckler of protection (worn)
 s - a +2 scale mail of fire resistance (worn)
 t - a +0 pair of gloves (worn)
 z - a +0 helmet (worn)
 F - a +1 pair of boots (worn)
 H - +0 ice dragon scales
Jewellery
 p - an amulet of faith (around neck)
 r - a +4 ring of evasion (left hand)
Wands
 f - a wand of disintegration (24)
 n - a wand of flame (14)
 o - a wand of iceblast (7)
 D - a wand of acid (8)
 W - a wand of random effects (21)
Scrolls
 e - 3 scrolls of fog
 g - 7 scrolls of remove curse
 i - 2 scrolls of immolation
 k - 3 scrolls of blinking
 C - 7 scrolls of enchant weapon
 E - 3 scrolls of enchant armour
 K - a scroll of brand weapon
 L - 5 scrolls of teleportation
 N - 2 scrolls of fear
 Q - 3 scrolls of magic mapping
 Y - a scroll of silence {unknown}
Potions
 c - 12 potions of curing
 d - a potion of magic {unknown}
 h - 2 potions of heal wounds
 j - 5 potions of mutation
 l - 2 potions of ambrosia
 q - 4 potions of might
 v - 4 potions of berserk rage {unknown}
 w - 3 potions of brilliance {unknown}
 x - 3 potions of cancellation
 G - a potion of attraction {unknown}
 M - a potion of lignification {unknown}
 O - a potion of resistance {unknown}
 V - a potion of haste
 X - a potion of flight {unknown}
Books
 I - a manual of Fighting


   Skills:
 + Level 15.2 Fighting
 * Level 15.0 Axes
 - Level 8.0 Armour
 - Level 2.0 Dodging
 - Level 4.0 Shields
 - Level 4.1 Evocations


You had 12 spell levels left.
You didn't know any spells.
Your spell library was empty.

Dungeon Overview and Level Annotations

Branches:
Dungeon (14/15)            Temple (0/1) D:6            Lair (0/6) D:10
    Orc (0/2) D:11         Vaults (0/5) D:13        Ossuary (visited)

Altars:
Dithmenos
Gozag
Kikubaaqudgha
Makhleb
Nemelex Xobeh
Okawaru
Sif Muna
Vehumet
Wu Jian
Xom
Zin
The Shining One
Beogh

Shops:
D:5 ?   D:11 [

Annotations:
D:6 2 transporters, unihiutale's ghost, weakling HaDe
D:10 3 runed translucent doors, Eliym's ghost, novice HOFi; Hoafok's ghost, journeyman MiFi; Jatjacob's ghost, journeyman MiBe; Uttuuhiph's ghost, novice DgWn
D:11 exclusion: orange crystal statue
D:13 1 runed translucent door, Jaiteiro's ghost, journeyman MiFi


Innate Abilities, Weirdness & Mutations

You are resistant to torment.
Your stone body is resilient. (AC +9)
You are immune to poison.
You resist negative energy. (rN+)
You are resistant to electric shocks. (rElec)
You can survive without breathing.
You are immune to petrification.
You are immune to miasma.


Message History

Things that are here:
a +0 dagger; a +0 robe The cyan ugly thing basks in the mutagenic energy from its kin and changes!
The red ugly thing misses you.
Your skin crawls.
You feel strong-willed.
The red ugly thing closely misses you. x2
You hit the red ugly thing.
The red ugly thing is severely wounded.
The red ugly thing engulfs you.
* * * LOW HITPOINT WARNING * * *
You are engulfed in flames!
You resist.
* * * LOW HITPOINT WARNING * * *
The red ugly thing basks in the mutagenic energy from its kin and changes!
You slash the red ugly thing!
The red ugly thing is almost dead.
The red ugly thing engulfs you.
* * * LOW HITPOINT WARNING * * *
You are engulfed in flames!
You resist.
You die...

#............
#...........
...........
......... .
.....# # ##
#. #.†.##.###
.##
#.##†u.......
..##
#..#u##.....
...#
###.#@#......
...#
#.#....$.....
...#
#...)........
...#
##.#.........
...#
###)........
.###
#....)...##
##
##†...#####
##.†####
##.†##


You could see 2 ugly things.

Vanquished Creatures
  Josephine (D:13)
  3 hydras
  6 two-headed ogres
  3 centaur warriors
  3 unseen horrors
  An orc knight (D:11)
  Pikel (D:6)
  A deep elf mage (D:11)
  A manticore (D:14)
  A wolf spider (D:11)
  5 ugly things
  A cyclops (D:12)
  2 centaur zombies (D:12)
  2 gargoyles
  A centaur skeleton (D:12)
  A kobold demonologist (D:11)
  A meliai (shapeshifter) (D:13)
  A troll (shapeshifter) (D:13)
  4 trolls
  A hornet (shapeshifter) (D:13)
  Grinder (D:6)
  A hornet (D:8)
  Sigmund (D:2)
  5 wyverns
  3 shadows (D:11)
  A yak (shapeshifter) (D:13)
  4 wraiths (D:13)
  10 vampire mosquitoes
  A soldier ant (D:13)
  A water moccasin (D:14)
  An acid dragon (D:13)
  5 sky beasts
  3 black bears
  3 ice beasts
  2 orc warriors
  5 phantoms
  An eye of draining (D:11)
  2 necrophages
  9 centaurs
  A boggart (D:11)
  5 ogres
  A lemure (D:6)
  3 big kobolds
  16 bullfrogs
  3 water moccasin zombies (Ossuary)
  A troll zombie (D:11)
  A scorpion (D:13)
  3 wights (D:13)
  10 killer bees
  3 howler monkeys
  2 quasits
  4 bullfrog zombies
  10 hounds
  6 orc priests
  4 jellies
  6 orc wizards
  A gnoll shaman (D:7)
  Jessica (D:2)
  3 bullfrog skeletons
  3 iguanas
  13 worker ants
  Terence (D:3)
  5 killer bee zombies
  7 ogre zombies (D:11)
  3 hound zombies
  13 mummies (Ossuary)
  2 worker ant zombies (Ossuary)
  A howler monkey zombie (Ossuary)
  15 gnolls
  10 adders
  5 shadow imps
  2 white imps (D:5)
  An ufetubus (D:6)
  An ooze (D:2)
  6 adder zombies
  3 dart slugs
  5 leopard geckos
  47 orcs
  3 giant cockroaches
  7 goblins
  5 hobgoblins
  7 jackals
  9 quokkas
  7 bats
  7 frilled lizards
  A giant cockroach zombie (Ossuary)
  3 goblin skeletons (D:11)
  2 hobgoblin skeletons (D:11)
  3 hobgoblin zombies (D:11)
  2 jackal zombies (Ossuary)
  17 kobolds
  5 orc skeletons (D:11)
  12 orc zombies (D:11)
  6 rats
422 creatures vanquished.

Vanquished Creatures (others)
  9 plants (D:2)
  8 withered plants
17 creatures vanquished.

Grand Total: 439 creatures vanquished

Notes
Turn   | Place    | Note
-------+----------+-------------------------------------------
     0 | D:1      | Arthanis the Gargoyle Berserker began the quest for the
                  | Orb.
     0 | D:1      | Reached XP level 1. HP: 14/14 MP: 1/1
   394 | D:1      | Reached XP level 2. HP: 19/19 MP: 2/2
  1091 | D:2      | Found an iron altar of Okawaru.
  1125 | D:2      | Noticed Jessica
  1128 | D:2      | Reached XP level 3. HP: 23/23 MP: 3/3
  1134 | D:2      | Killed Jessica
  1159 | D:2      | Reached ** piety under Trog
  1167 | D:2      | Reached XP level 4. HP: 14/29 MP: 4/4
  1618 | D:2      | Noticed Sigmund
  1630 | D:2      | Killed Sigmund
  1631 | D:2      | Reached XP level 5. HP: 34/34 MP: 5/5
  1631 | D:2      | Reached XP level 6. HP: 39/39 MP: 6/6
  2716 | D:3      | Noticed Terence
  2723 | D:3      | Killed Terence
  2986 | D:3      | Reached skill level 5 in Axes
  3080 | D:3      | Reached *** piety under Trog
  3636 | D:3      | Reached XP level 7. HP: 39/44 MP: 7/7
  3734 | D:4      | Reached skill level 5 in Fighting
  4258 | D:4      | Found a sparkling altar of Nemelex Xobeh.
  4563 | D:4      | Reached skill level 5 in Armour
  4604 | D:4      | Reached XP level 8. HP: 47/51 MP: 8/8
  4898 | D:5      | Entered Level 5 of the Dungeon
  5141 | D:5      | Reached **** piety under Trog
  5535 | D:5      | Found a glowing golden altar of the Shining One.
  5641 | D:5      | Found Qezyrini's Magic Scroll Shoppe.
  5697 | D:5      | Bought a scroll of magic mapping for 42 gold pieces
  5697 | D:5      | Bought a scroll of identify for 24 gold pieces
  5697 | D:5      | Bought a scroll of identify for 24 gold pieces
  5697 | D:5      | Bought a scroll of amnesia for 42 gold pieces
  5837 | D:5      | Found a shimmering blue altar of Sif Muna.
  6018 | D:6      | Noticed Grinder
  6021 | D:6      | Paralysed by Grinder for 6 turns
  6033 | D:6      | Killed Grinder
  6034 | D:6      | Reached skill level 1 in Shields
  6129 | D:6      | Reached XP level 9. HP: 56/56 MP: 9/9
  6176 | D:6      | Found an ornate altar of the Wu Jian Council.
  6216 | D:6      | Found a transporter.
  6218 | D:6      | Found a transporter.
  6219 | D:6      | Noticed unihiutale's ghost (weakling HaDe)
  6220 | D:6      | Identified the +4 great mace of Jieneud {antimagic, rPois
                  | rN+++ Str-5 Dex-5}
  6220 | D:6      | Identified the +7 great mace of the Sea {flame, Str+4}
  6220 | D:6      | Noticed a two-headed ogre
  6258 | D:6      | Found a staircase to the Ecumenical Temple.
  6386 | D:5      | Found an ancient bone altar of Kikubaaqudgha.
  6428 | D:6      | Found a shadowy altar of Dithmenos.
  6803 | D:6      | Noticed Pikel
  6812 | D:6      | Killed Pikel
  6845 | D:7      | Found a radiant altar of Vehumet.
  6962 | D:7      | Found a sparkling altar of Nemelex Xobeh.
  7031 | D:7      | Found a glowing silver altar of Zin.
  7264 | D:7      | Reached ***** piety under Trog
  7568 | D:8      | Identified Bicall's Catalogue of Creative Toxins
  7582 | D:8      | Found a sand-covered staircase.
  7591 | Ossuary  | Entered an ossuary
  7660 | Ossuary  | Reached XP level 10. HP: 64/64 MP: 10/10
  7812 | Ossuary  | Received a gift from Trog
  8071 | D:8      | Reached skill level 10 in Axes
  8306 | D:8      | Found a roughly hewn altar of Beogh.
  8649 | D:9      | Noticed a centaur warrior
  8655 | D:9      | Killed a centaur warrior
  8774 | D:9      | Noticed a five-headed hydra
  8784 | D:9      | Killed a five-headed hydra
  8944 | D:9      | Reached skill level 10 in Fighting
  8967 | D:9      | Found an opulent altar of Gozag.
  9315 | D:9      | Reached XP level 11. HP: 72/72 MP: 11/11
  9318 | D:9      | Found a burning altar of Makhleb.
  9339 | D:10     | Entered Level 10 of the Dungeon
  9344 | D:10     | Noticed a two-headed ogre
  9363 | D:10     | Killed a two-headed ogre
  9364 | D:10     | Reached skill level 1 in Evocations
  9503 | D:5      | Bought a scroll of acquirement for 624 gold pieces
  9503 | D:5      | Bought a scroll of magic mapping for 42 gold pieces
  9508 | D:5      | Acquired a manual of Fighting
  9704 | D:10     | Received a gift from Trog
  9831 | D:10     | Found a staircase to the Lair.
  9906 | D:10     | Found a runed translucent gate.
  9906 | D:10     | Found a runed translucent gate.
  9906 | D:10     | Found a runed translucent gate.
  9906 | D:10     | Noticed Eliym's ghost (novice HOFi)
  9906 | D:10     | Noticed Jatjacob's ghost (journeyman MiBe)
  9906 | D:10     | Noticed Hoafok's ghost (journeyman MiFi)
  9907 | D:10     | Noticed Uttuuhiph's ghost (novice DgWn)
  9939 | D:10     | Got a pitted scale mail
  9950 | D:10     | Identified the +3 scale mail of the Arcane {rElec} (You
                  | found it on level 10 of the Dungeon)
 10276 | D:11     | Noticed a two-headed ogre
 10284 | D:11     | Killed a two-headed ogre
 10325 | D:11     | Noticed an orange crystal statue
 10564 | D:11     | Found a staircase to the Orcish Mines.
 10650 | D:11     | Reached ****** piety under Trog
 10673 | D:11     | Found Ottoudom's Antique Armour Shoppe.
 10700 | D:11     | Received a gift from Trog
 10723 | D:11     | Noticed a deep elf mage
 10724 | D:11     | Noticed a sun demon
 10726 | D:11     | Noticed an orc knight
 10727 | D:11     | Noticed a boulder beetle
 10730 | D:11     | Killed a deep elf mage
 10738 | D:11     | Killed an orc knight
 10873 | D:11     | Noticed a two-headed ogre
 10879 | D:11     | Killed a two-headed ogre
 10880 | D:11     | Reached XP level 12. HP: 80/80 MP: 12/12
 11744 | D:12     | Noticed a centaur warrior
 11759 | D:12     | Killed a centaur warrior
 11830 | D:12     | Noticed a seven-headed hydra
 11839 | D:12     | Killed a seven-headed hydra
 12431 | D:12     | Noticed a two-headed ogre
 12442 | D:12     | Killed a two-headed ogre
 12818 | D:13     | Noticed Jaiteiro's ghost (journeyman MiFi)
 12832 | D:13     | Found a runed translucent door.
 12839 | D:13     | Noticed a four-headed hydra
 12848 | D:13     | Killed a four-headed hydra
 12868 | D:13     | Noticed a two-headed ogre
 12875 | D:13     | Killed a two-headed ogre
 13047 | D:13     | Received a gift from Trog
 13244 | D:13     | Noticed Josephine
 13259 | D:13     | Reached XP level 13. HP: 77/90 MP: 13/13
 13261 | D:13     | Killed Josephine
 13479 | D:13     | Found a gate to the Vaults.
 14142 | D:14     | Found a shimmering altar of Xom.
 14352 | D:14     | Reached skill level 15 in Fighting
 14438 | D:14     | Reached skill level 15 in Axes
 14442 | D:14     | HP: 4/92 [red ugly thing (5)]
 14442 | D:14     | Mangled by a red ugly thing

Illustrated notes

Levels and vault maps discovered:
D:1:      minmay_arrival_stone_box, layout_loops_ring, minmay_vboxes
D:2:      wad_woods_settlement, layout_basic, okawaru_metal_pillars_1_2,
          uniq_jessica, uniq_sigmund
D:3:      layout_basic, uniq_terence
D:4:      layout_loops_ring, grunt_decor_clamped, amcnicky_altar_gilded
D:5:      lemuel_upstairs_altar, layout_rooms, kennysheep_mini_moat,
          nicolae_tso_carved_into_rock, serial_shops, shop_scrolls
D:6:      layout_loops_cross, grunt_dithmenos_smoke_and_mirrors,
          nicolae_overflow_hidden_temple, minmay_temple_entry_tees,
          gammafunk_ghost_smash, uniq_pikel, uniq_grinder
D:7:      layout_loops_ring, old_standard_altar, old_standard_altar,
          general_overflow_altar
D:8:      layout_cave_pools, nicolae_ossuary_entry_monument, special_room
          [special_room_orc]
D:9:      layout_loops_ring, kennysheep_little_box, minmay_misc_feat_plants,
          makhleb_heckhound_becter
D:10:     layout_big_octagon, lair_entry_dummy, gammafunk_ghost_cemetery,
          dk_rats_in_the_wall
D:11:     minmay_the_grid_four_pointed_star_mashed
          [minmay_the_grid_triangle_9x9_cache,
          minmay_the_grid_triangle_9x9_zippers_horizontal,
          minmay_the_grid_triangle_9x9_corrupted_corridor,
          minmay_the_grid_triangle_9x9_corruption,
          minmay_the_grid_prize_inner_circle], layout_basic, zombieorc2_lemuel,
          serial_shops, shop, minmay_statue_bubble
D:12:     layout_irregular_city
D:13:     layout_basic, david_vaults_2, hellmonk_ghost_happy_afterlife,
          uniq_josephine
D:14:     layout_layer_cave, special_room [special_room_bee], serial_shops,
          nicolae_shop_trees, basic_altar, serial_bayou_pond_e

Skill      XL: |  1  2  3  4  5  6  7  8  9 10 11 12 13 |
---------------+----------------------------------------+-----
Axes           | 3 4 5 6 7 9 11 12 14 15 | 15.0
Dodging        | 2 |  2.0
Armour         | 3 4 5 6 7 8 |  8.0
Fighting       | 4 5 6 8 10 11 14 15 | 15.2
Shields        | 2 4 |  4.0
Evocations     | 3 4 |  4.1

Action                   |  1- 3 |  4- 6 |  7- 9 | 10-12 | 13-15 || total
-------------------------+-------+-------+-------+-------+-------++-------
Melee: Hand axe          |    50 |       |    81 |   113 |       ||   244
       Dagger            |    23 |   179 |   359 |       |       ||   561
       Trident           |       |       |   206 |       |       ||   206
       Broad axe         |       |       |       |   432 |   125 ||   557
       Whip              |       |       |       |    18 |       ||    18
       War axe           |       |       |       |   108 |       ||   108
Invok: Berserk           |     1 |     3 |     5 |    12 |     3 ||    24
       Trog's Hand       |       |       |       |     2 |     1 ||     3
  Use: Scroll            |       |       |     8 |    13 |       ||    21
Armor: Animal skin       |    16 |    37 |       |       |       ||    53
       Plate armour      |       |    18 |   233 |       |       ||   251
       Scale mail        |       |     2 |    95 |   352 |    97 ||   546
Dodge: Dodged            |    64 |   111 |   285 |   426 |    88 ||   974
Block: Buckler           |       |       |    57 |   206 |    52 ||   315
